 Dungeon Crawl Stone Soup version 0.26-a0-1213-gd52f5182fe (webtiles) character file.

Game seed: 3099643820569780029

30 Gargoyl the Skirmisher (level 3, -4/34 (35) HPs)
             Began as a Gnoll Abyssal Knight on Dec 30, 2020.
             Was a Follower of Lugonu.
             Slain by Sigmund
             ... wielding a +2 scythe of venom
              (7 damage)
             ... on level 2 of the Dungeon.
             The game lasted 00:01:45 (1748 turns).

Gargoyl the Skirmisher (Gnoll Abyssal Knight)       Turns: 1748, Time: 00:01:46

HP:   -4/34 (35)    AC:  9    Str: 12 (15) XL:     3   Next: 18%
MP:   6/6           EV:  6    Int: 13 (14) God:    Lugonu [*.....]
Gold: 92            SH:  0    Dex: 13 (14) Spells: 3/3 levels left

rFire    . . .     SeeInvis .   a - +1 hand axe
rCold    . . .     Faith    .   (no shield)
rNeg     . . .     Spirit   .   c - +0 chain mail
rPois    .         Reflect  .   (no helmet)
rElec    .         Harm     .   (no cloak)
rCorr    .         Rampage  .   (no gloves)
Will     .....                  (no boots)
Stlth    ..........             (no amulet)
HPRegen  0.11/turn              (no ring)
MPRegen  0.10/turn              (no ring)

@: lethally poisoned (-4 -> -23), lightly drained
A: distributed training, fangs 1, strong nose
a: Renounce Religion, Depart the Abyss


You were on level 2 of the Dungeon.
You worshipped Lugonu.
Lugonu was aware of your devotion.
You visited 1 branch of the dungeon, and saw 2 of its levels.
You visited the Abyss 1 time.

You collected 92 gold pieces.

Inventory:

Hand Weapons
 a - a +1 hand axe (weapon)
Armour
 c - a +0 chain mail (worn)
Jewellery
 f - a cursed ring of teleportation {unknown}
Scrolls
 e - 2 scrolls of enchant armour {unknown}
 g - a scroll of amnesia {unknown}
 j - a scroll of identify
Potions
 b - a potion of flight {unknown}
 d - a potion of lignification {unknown}
 h - a potion of curing
 k - a potion of haste {unknown}


   Skills:
 + Level 6.5 Fighting
 + Level 0.6 Short Blades
 + Level 0.6 Long Blades
 + Level 4.5 Axes
 + Level 0.6 Maces & Flails
 + Level 0.6 Polearms
 + Level 0.6 Staves
 + Level 0.6 Slings
 + Level 0.6 Bows
 + Level 0.6 Crossbows
 + Level 0.6 Throwing
 + Level 4.5 Armour
 + Level 2.5 Dodging
 + Level 0.6 Stealth
 + Level 0.6 Shields
 + Level 0.6 Unarmed Combat
 + Level 0.6 Spellcasting
 + Level 0.4 Conjurations
 + Level 0.4 Hexes
 + Level 0.4 Summonings
 + Level 0.4 Necromancy
 + Level 0.4 Translocations
 + Level 0.4 Transmutations
 + Level 0.4 Fire Magic
 + Level 0.4 Ice Magic
 + Level 0.4 Air Magic
 + Level 0.4 Earth Magic
 + Level 0.4 Poison Magic
 + Level 4.5 Invocations
 + Level 0.6 Evocations


You had 3 spell levels left.
You didn't know any spells.
Your spell library was empty.

Dungeon Overview and Level Annotations

Branches:
Dungeon (2/15)

Altars:

Annotations:
D:2 Sigmund


Innate Abilities, Weirdness & Mutations

Your experience applies equally to all skills.
You have very sharp teeth.
Your uncanny sense of smell can sniff out nearby items.


Message History

You feel sick. Something hits you.
You are more poisoned.
You closely miss something.
You feel sick. Something hits you but does no damage.
You hit something.
You feel sick. Something hits you but does no damage.
You are lethally poisoned!
You barely miss something.
You feel sick.
You barely miss something.
You feel sick. Something hits you but does no damage.
You are more poisoned.
Your chain mail prevents you from hitting something.
You feel sick. Something hits you!
* * * LOW HITPOINT WARNING * * *
You hit something.
* * * LOW HITPOINT WARNING * * *
You feel sick.
You miss something.
* * * LOW HITPOINT WARNING * * *
You feel sick. Something hits you!
You die...

#######
#.....#
.#.#.###.###.#
.....K{@...#.#
.#.#.###(#.#.#
#.....#
###.### #.#
#.# #.# #.#
#.#


You could see a kobold.

Vanquished Creatures
  An adder (D:2)
  A worm (D:2)
  3 giant cockroaches
  2 goblins (D:1)
  4 hobgoblins
  3 kobolds
  A frilled lizard (D:2)
  3 rats
18 creatures vanquished.

Notes
Turn   | Place    | Note
-------+----------+-------------------------------------------
     0 | Abyss:1  | Gargoyl the Gnoll Abyssal Knight began the quest for the
                  | Orb.
     0 | Abyss:1  | Reached XP level 1. HP: 23/23 MP: 3/3
     8 | Abyss:1  | Found a corrupted altar of Lugonu.
    71 | Abyss:2  | Noticed a chaos spawn
    74 | Abyss:2  | Found a corrupted altar of Lugonu.
   100 | Abyss:2  | Found a corrupted altar of Lugonu.
   110 | Abyss:2  | Noticed a large abomination
   117 | D:1      | Escaped the Abyss
   906 | D:1      | Reached * piety under Lugonu
  1002 | D:1      | Reached XP level 2. HP: 29/29 MP: 5/5
  1632 | D:2      | Reached XP level 3. HP: 32/33 MP: 6/6
  1725 | D:2      | Noticed Sigmund
  1748 | D:2      | Slain by Sigmund

Illustrated notes

Levels and vault maps discovered:
D:1:      lightli_molten_gateway, layout_basic
D:2:      layout_loops_ring, nicolae_overflow_crystal_walls,
          lemuel_coloured_pillars_altar, uniq_sigmund

Action                   || total
-------------------------++-------
Melee: Hand axe          ||    79
       Bite              ||    10
Invok: Depart the Abyss  ||     1
  Use: Scroll            ||     2
       Potion            ||     2
Armor: Chain mail        ||    34
Dodge: Dodged            ||    24

Table legend: (Time is in decaauts)
 A = Elapsed time spent in this place.
 B = Non-inter-level travel time spent in this place.
 C = Inter-level travel time spent in this place.
 D = Time resting spent in this place.
 E = Time spent auto-exploring this place.
 F = Levels seen in this place.
 G = Mean time per level.
                   A        B        C        D        E       F      G
               +--------+--------+--------+--------+--------+-----+--------+
         Total |   1753 |   1732 |     21 |    177 |   1290 |   4 |  438.2 |
       Dungeon |   1636 |   1615 |     21 |    177 |   1229 |   2 |  818.0 |
         Abyss |    116 |    116 |      0 |      0 |     61 |   2 |   58.0 |
               +--------+--------+--------+--------+--------+-----+--------+

Top non-repeatable levels by time:
     D:1: 1264 daAuts
     D:2: 372 daAuts
 Abyss:2: 60 daAuts
 Abyss:1: 56 daAuts
